 Dungeon Crawl Stone Soup version 0.26.1 (webtiles) character file.

Game seed: 11420178073458376304

5043 Gadfly the Slasher (level 10, 0/88 HPs)
             Began as a Palentonga Berserker on Feb 4, 2021.
             Was an Elder of Trog.
             Slain by a killer bee (9 damage)
             ... on level 9 of the Dungeon.
             The game lasted 00:15:19 (10844 turns).

Gadfly the Slasher (Palentonga Berserker)          Turns: 10844, Time: 00:15:20

Health: 0/88       AC: 19    Str: 23    XL:     10   Next: 30%
Magic:  10/10      EV: 13    Int:  8    God:    Trog [****..]
Gold:   278        SH:  0    Dex: 16    Spells: 9/9 levels left

rFire    . . .     SeeInvis +   a - +0 long sword
rCold    . . .     Faith    .   (no shield)
rNeg     . . .     Spirit   .   m - +1 leather armour
rPois    .         Reflect  .   l - +2 helmet
rElec    .         Harm     .   u - +0 cloak
rCorr    .         Rampage  .   s - +0 pair of gloves
Will     .....                  (no barding)
Stlth    +.........             (no amulet)
HPRegen  0.24/turn              h - +6 ring of dexterity
MPRegen  0.12/turn              (no ring)

@: lethally poisoned (0 -> -6), curled up
A: large, rugged brown scales 3, see invisible, deformed body, roll 2, armoured
tail, reflexive curl
a: Rolling Charge, Renounce Religion, Berserk, Trog's Hand, Brothers in Arms


You were on level 9 of the Dungeon.
You worshipped Trog.
Trog was greatly pleased with you.
You visited 2 branches of the dungeon, and saw 10 of its levels.

You collected 488 gold pieces.
You spent 210 gold pieces at shops.

Inventory:

Hand Weapons
 a - a +0 long sword (weapon)
 b - a +2 dagger of speed
 k - a cursed +3 scimitar
Armour
 e - a +0 ring mail
 l - a +2 helmet (worn)
 m - a +1 leather armour (worn)
 s - a +0 pair of gloves (worn)
 u - a +0 cloak (worn)
Jewellery
 d - an uncursed ring of ice
 h - a +6 ring of dexterity (left hand)
Wands
 p - a wand of flame (21)
Scrolls
 c - 5 scrolls of teleportation
 j - a scroll of remove curse
 o - a scroll of magic mapping
 q - a scroll of silence
 r - 2 scrolls of enchant weapon
 v - a scroll of fog
Potions
 g - a potion of cancellation
 i - a potion of mutation
 n - 2 potions of attraction
 w - a potion of flight


   Skills:
 + Level 5.9 Fighting
 * Level 7.8 Long Blades
 * Level 6.2 Armour
 * Level 6.2 Dodging
 * Level 6.4 Evocations


You had 9 spell levels left.
You didn't know any spells.
Your spell library was empty.

Dungeon Overview and Level Annotations

Branches:
Dungeon (9/15)             Temple (1/1) D:6
   Lair: D:8-11         Orc: D:9-12

Altars:
Ashenzari
Cheibriados
Dithmenos
Elyvilon
Fedhas
Gozag
Hepliaklqana
Kikubaaqudgha
Makhleb
Nemelex Xobeh
Okawaru
Qazlal
Ru
Sif Muna
Trog
Uskayaw
Vehumet
Wu Jian
Xom
Yredelemnul
Zin
The Shining One

Shops:
D:5 ?

Annotations:
D:4 2 transporters, swilekon's ghost, amateur OpMo


Innate Abilities, Weirdness & Mutations

You are completely covered in rugged brown scales. (AC +3, +7% HP)
You have supernaturally acute eyesight. (SInv)
Armour fits poorly on your strangely shaped body.
You can roll at foes to attack.
You have a long armoured tail.
You curl defensively after being hit.


Message History

* * * LOW HITPOINT WARNING * * *
You are more poisoned.
The killer bee poisons you!
You miss the killer bee.
You feel sick. The killer bee closely misses you. The killer bee stings you.
* * * LOW HITPOINT WARNING * * *
Unknown command.
You barely miss the killer bee.
You feel sick.
The killer bee stings you but does no damage.
The killer bee stings you.
* * * LOW HITPOINT WARNING * * *
You hit the killer bee but do no damage.
You feel sick.
The killer bee stings you but does no damage.
The killer bee stings you.
* * * LOW HITPOINT WARNING * * *
You hit the killer bee.
Your tail-slap misses the killer bee.
The killer bee is lightly wounded.
You feel sick. The killer bee stings you!
You die...

###########
.......@y.#
.##.#####.# #.#
#†# ####
#.####.....
#......#
.......#.#..#
######.#.......#
#.###..##.#


You could see a killer bee.

Vanquished Creatures
  2 two-headed ogres
  Grinder (D:3)
  Sigmund (D:3)
  A yak (D:8)
  A water moccasin (D:8)
  2 ice beasts
  A sky beast (D:6)
  4 orc warriors
  A black bear (D:7)
  A phantom (D:5)
  An ogre (D:6)
  A centaur (D:7)
  3 bullfrogs (D:8)
  6 scorpions
  9 wights
  3 killer bees (D:9)
  6 howler monkeys
  A centaur zombie (D:6)
  2 jellies (D:6)
  3 orc priests
  2 hounds
  10 orc wizards
  2 bullfrog skeletons
  2 iguanas
  A hound skeleton (D:6)
  A worker ant zombie (D:5)
  11 adders
  3 ufetubi
  3 oozes
  An adder zombie (D:8)
  2 dart slugs (D:1)
  2 worms (D:2)
  7 leopard geckos
  26 orcs
  4 ball pythons
  3 giant cockroaches
  6 goblins
  A hobgoblin (D:1)
  8 jackals
  5 quokkas
  13 bats
  4 frilled lizards
  A jackal zombie (D:8)
  9 kobolds
  A leopard gecko skeleton (D:4)
  2 leopard gecko zombies
  4 rats
184 creatures vanquished.

Vanquished Creatures (collateral kills)
  2 yaks (D:8)
2 creatures vanquished.

Vanquished Creatures (others)
  A plant (D:6)
1 creature vanquished.

Grand Total: 187 creatures vanquished

Notes
Turn   | Place    | Note
-------+----------+-------------------------------------------
     0 | D:1      | Gadfly the Palentonga Berserker began the quest for the
                  | Orb.
     0 | D:1      | Reached XP level 1. HP: 20/20 MP: 1/1
   534 | D:1      | Reached XP level 2. HP: 27/27 MP: 2/2
   753 | D:1      | Reached XP level 3. HP: 33/33 MP: 3/3
  1100 | D:2      | Reached skill level 1 in Evocations
  1442 | D:2      | Reached ** piety under Trog
  1526 | D:2      | Reached XP level 4. HP: 40/40 MP: 4/4
  2806 | D:3      | Noticed Sigmund
  2817 | D:3      | Killed Sigmund
  2818 | D:3      | Reached skill level 4 in Long Blades
  2818 | D:3      | Reached XP level 5. HP: 48/48 MP: 5/5
  2818 | D:3      | Reached XP level 6. HP: 54/54 MP: 6/6
  3150 | D:3      | Noticed Grinder
  3178 | D:3      | Killed Grinder
  3179 | D:3      | Gained mutation: You curl defensively after being hit.
                  | [Palentonga growth]
  3179 | D:3      | Reached XP level 7. HP: 62/62 MP: 7/7
  3958 | D:4      | You fall into a shaft and drop 2 floors!
  4034 | D:5      | Entered Level 5 of the Dungeon
  4535 | D:4      | Reached skill level 5 in Long Blades
  4728 | D:4      | Found a transporter.
  4728 | D:4      | Noticed swilekon's ghost (amateur OpMo)
  4731 | D:4      | Found a transporter.
  5227 | D:5      | Reached *** piety under Trog
  5353 | D:5      | Reached XP level 8. HP: 64/70 MP: 8/8
  5548 | D:5      | Found Vekhakh's Magic Scroll Boutique.
  5739 | D:5      | Bought a scroll of silence for 105 gold pieces
  5739 | D:5      | Bought a scroll of enchant weapon for 105 gold pieces
  5837 | D:5      | Found a sacrificial altar of Ru.
  7019 | D:6      | Found a staircase to the Ecumenical Temple.
  7301 | Temple   | Entered the Ecumenical Temple
  7471 | D:6      | Reached skill level 6 in Long Blades
  8093 | D:7      | Reached XP level 9. HP: 38/77 MP: 9/9
  8400 | D:7      | Noticed a two-headed ogre
  8403 | D:7      | Reached skill level 5 in Fighting
  8424 | D:7      | Killed a two-headed ogre
  8425 | D:7      | Reached skill level 5 in Armour
  8425 | D:7      | Reached skill level 5 in Dodging
  8425 | D:7      | Reached skill level 5 in Evocations
  8427 | D:7      | Reached **** piety under Trog
  9040 | D:7      | Gained mutation: Your muscles are strong. (Str +2) [potion
                  | of mutation]
  9040 | D:7      | Lost mutation: Your muscles are strong. (Str +2) [potion of
                  | mutation]
  9040 | D:7      | Gained mutation: You can roll at foes to attack. [potion of
                  | mutation]
  9106 | D:8      | Noticed a two-headed ogre
  9113 | D:8      | Killed a two-headed ogre
  9114 | D:8      | Reached skill level 7 in Long Blades
  9144 | D:8      | HP: 2/79 [yak (6)]
  9568 | D:8      | Reached XP level 10. HP: 88/88 MP: 10/10
  9660 | D:8      | Found a basalt altar of Yredelemnul.
 10210 | D:8      | HP: 5/130 [orc warrior/+2 glaive of distortion (13)]
 10844 | D:9      | Slain by a killer bee

Illustrated notes

Levels and vault maps discovered:
D:1:      dpeg_arrival_rooms_c, layout_basic, corexii_leaking_fountain,
          minivault_19, minmay_indecisive_spiral
D:2:      layout_basic
D:3:      layout_basic, uniq_grinder, uniq_sigmund
D:4:      layout_layer_cave, gammafunk_ghost_arena
D:5:      layout_cave_pods, nicolae_ru_sacrificial_ziggurat, serial_shops, shop,
          serial_glass, glass_columns_a, glass_columns_a, glass_columns_a,
          glass_columns_a, glass_columns_c, glass_columns_a,
          minmay_misc_feat_roman
D:6:      layout_loops_ring, minmay_temple_entry_enclosed_plants,
          corexii_corridor_pit
D:7:      layout_basic, minmay_fractal_squares_5
D:8:      layout_basic, yredelemnul_altar_generic
D:9:      layout_loops_cross
Temple:   grunt_wide_crystal_templ

Skill      XL: |  1  2  3  4  5  6  7  8  9 10 |
---------------+-------------------------------+-----
Armour         | 2 3 4 5 6 |  6.2
Evocations     | 1 2 3 4 6 |  6.4
Dodging        | 2 3 4 5 6 |  6.2
Long Blades    | 4 5 6 7 |  7.8
Fighting       | 4 5 |  5.9

Action                   |  1- 3 |  4- 6 |  7- 9 | 10-12 || total
-------------------------+-------+-------+-------+-------++-------
Melee: Falchion          |   110 |    71 |   239 |       ||   420
       Tailslap          |    12 |     7 |    86 |    23 ||   128
       Long sword        |       |       |    87 |   113 ||   200
Invok: Berserk           |     1 |     3 |     7 |     1 ||    12
       Brothers in Arms  |       |       |     1 |       ||     1
       Trog's Hand       |       |       |       |     1 ||     1
 Abil: Rolling Charge    |    21 |    12 |    40 |     7 ||    80
  Use: Scroll            |     4 |     5 |     2 |     2 ||    13
       Potion            |     2 |       |     3 |     1 ||     6
 Stab: Sleeping          |     1 |       |       |       ||     1
Armor: Animal skin       |    51 |     8 |       |       ||    59
       Leather armour    |       |    20 |   125 |    62 ||   207
Dodge: Dodged            |    65 |    46 |   188 |    99 ||   398
       Rpst.: Falchion   |    31 |    13 |    48 |       ||    92
       Long sword        |       |       |    14 |    21 ||    35
